 Dungeon Crawl Stone Soup version 0.32-a0-909-gc671339a80 (webtiles) character file.

Game seed: 17553048577682857066

42 Daunt the Cudgeller (level 3, -2/24 (29) HPs)
             Began as a Mountain Dwarf Reaver on Apr 6, 2024.
             Slain by a cerulean imp
             ... wielding a +2 spear
             ... summoned by Natasha
              (4 damage)
             ... on level 2 of the Dungeon.
             The game lasted 00:07:25 (1288 turns).

Daunt the Cudgeller (Mountain Dwarf Reaver)         Turns: 1288, Time: 00:07:25

HP:   -2/24 (29)    AC:  5    Str: 16    XL:     3   Next: 33%
MP:   3/5           EV:  9    Int: 13    God:
Gold: 96            SH:  0    Dex:  8    Spells: 4/5 levels left

rFire   . . .        a - +2 mace (heavy)
rCold   . . .        (no shield)
rNeg    . . .        g - +0 ring mail
rPois   .            (no helmet)
rElec   .            (no cloak)
rCorr   .            (no gloves)
SInv    .            (no boots)
Will    .....        (no amulet) Stlth
                     (no ring)
HPRegen 0.24/turn    (no ring)
MPRegen 0.09/turn

%: no passive effects
@: very slightly contaminated, slowed, heavily drained, very slow
A: runic magic, artefact enchanting
a: no special abilities


You were on level 2 of the Dungeon.
You visited 1 branch of the dungeon, and saw 2 of its levels.

You collected 96 gold pieces.

Inventory:

Hand Weapons
 a - a +2 heavy mace (weapon)
Missiles
 i - 30 stones
 j - 5 poisoned darts
Armour
 b - a +0 leather armour
 c - a +0 chain mail
 g - a +0 ring mail (worn)
Scrolls
 e - 5 scrolls of identify {unknown}
 f - a scroll of enchant weapon {unknown}
 h - a scroll of teleportation {unknown}
Potions
 d - 2 potions of mutation {unknown}
 k - a potion of ambrosia {unknown}
 l - 2 potions of curing {unknown}


   Skills:
 - Level 2.1 Fighting
 + Level 5.4 Maces & Flails
 - Level 1.3 Dodging
 - Level 1.7 Spellcasting
 - Level 2.6 Conjurations


You had 4 spell levels left.
You knew the following spells:

 Your Spells              Type           Power      Damage    Failure   Level
a - Kiss of Death         Conj/Necr      16%        2d6       17%         1

Your spell library contained the following spells:

 Spells                   Type           Power      Damage    Failure   Level
 Momentum Strike          Conj/Tloc      8%         3d8       26%         2
 Call Imp                 Summ           2%         N/A       41%         2
 Sublimation of Blood     Necr           1%         N/A       41%         2
 Hailstorm                Conj/Ice       4%         3d5       45%         3
 Summon Forest            Summ/Tloc      0%         N/A       100%        5
 Eringya's Noxious Bog    Alch           0%         4d6       100%        6
 Summon Hydra             Summ           0%         N/A       100%        7


Dungeon Overview and Level Annotations

Branches:
Dungeon (2/15)

Altars:

Annotations:
D:2 Natasha


Innate Abilities, Weirdness & Mutations

Your spellcasting is much less encumbered by armour.
You can use scrolls of enchantment on lesser artefacts.


Message History

Natasha hisses angrily.
Natasha is nearby!
Natasha claws you.
You barely miss Natasha.
Natasha stares at you and mumbles some strange words.
You feel yourself slow down.
Natasha hisses.
Natasha claws you.
You hit Natasha.
Natasha is lightly wounded.
Natasha misses you. Natasha closely misses you. Natasha casts a spell at you.
The magic dart hits you.
You barely miss Natasha.
Natasha is lightly wounded.
Natasha claws you but does no damage. x2
You closely miss Natasha.
Natasha is lightly wounded.
Natasha mumbles some strange words.
Natasha claws you!
* * * LOW HITPOINT WARNING * * *
Casting: Kiss of Death (safe; 17% risk of failure)
Confirm with . or Enter, or press ? or * to list all spells.
Aiming: Kiss of Death (safe; 17% risk of failure)
Press: ? - help, Shift-Dir - straight line, f - Natasha
Aim: Natasha (lightly wounded, 100% to hit)
You miscast Kiss of Death.
You are very lightly contaminated with residual magic.
Nothing appears to happen.
Natasha claws you but does no damage.
The cerulean imp hits you with a +2 spear.
* * * LOW HITPOINT WARNING * * *
Natasha closely misses you.
Casting: Kiss of Death (safe; 17% risk of failure)
Confirm with . or Enter, or press ? or * to list all spells.
Aiming: Kiss of Death (safe; 17% risk of failure)
Press: ? - help, Shift-Dir - straight line, f/p - Natasha
Aim: Natasha (lightly wounded, 100% to hit)
You miscast Kiss of Death.
Nothing appears to happen.
The cerulean imp hits you with a +2 spear.
You die...

#.#.......# #.
#.#...#.########
.
#.....#.......)#
##..#.......##.#
#....#####.##.#
#.#### #.##[# #.
#?##.# #. #....#
#@#### ......5h#
#######.# #.#
#.# #.# #.# #.#


You could see Natasha and a cerulean imp (summoned).

Vanquished Creatures
  A dart slug (D:1)
  A ribbon worm (D:2)
  A ball python (D:2)
  2 endoplasms
  A giant cockroach (D:2)
  2 hobgoblins (D:2)
  6 jackals (D:1)
  2 kobolds (D:1)
  A quokka (D:1)
  2 bats
  A frilled lizard (D:2)
  10 goblins
  2 rats (D:1)
32 creatures vanquished.

Notes
Turn   | Place    | Note
-------+----------+-------------------------------------------
     0 | D:1      | Daunt the Mountain Dwarf Reaver began the quest for the
                  | Orb.
     0 | D:1      | Reached XP level 1. HP: 17/17 MP: 3/3
    73 | D:1      | Reached skill level 4 in Maces & Flails
   331 | D:1      | Reached XP level 2. HP: 22/23 MP: 4/4
   826 | D:2      | Reached skill level 5 in Maces & Flails
   948 | D:2      | Reached XP level 3. HP: 29/29 MP: 5/5
  1281 | D:2      | Noticed Natasha
  1288 | D:2      | Slain by a cerulean imp

Illustrated notes

Levels and vault maps discovered:
D:1:      dpeg_arrival_long_road, layout_basic, supply_closet_lemuel,
          grunt_decor_resistance
D:2:      layout_loops_ring, kennysheep_cross_room, uniq_robin, uniq_natasha

Skill      XL: |  1  2 |
---------------+-------+-----
Maces & Flails | 4 5 |  5.4
Fighting       | |  2.1
Dodging        | |  1.3
Spellcasting   | |  1.7
Conjurations   | |  2.6

Action                     || total
---------------------------++-------
  Melee: Mace              ||   109
   Cast: Kiss of Death     ||     2
 Armour: Leather armour    ||    21
         Ring mail         ||    65
  Dodge: Dodged            ||    62

Table legend: (Time is in decaauts)
 A = Elapsed time spent in this place.
 B = Non-inter-level travel time spent in this place.
 C = Inter-level travel time spent in this place.
 D = Time resting spent in this place.
 E = Time spent auto-exploring this place.
 F = Levels seen in this place.
 G = Mean time per level.
                   A        B        C        D        E       F      G
               +--------+--------+--------+--------+--------+-----+--------+
         Total |   1310 |   1262 |     48 |    131 |    548 |   2 |  655.0 |
       Dungeon |   1310 |   1262 |     48 |    131 |    548 |   2 |  655.0 |
               +--------+--------+--------+--------+--------+-----+--------+

Top non-repeatable levels by time:
     D:1: 707 daAuts
     D:2: 602 daAuts
